 Dungeon Crawl Stone Soup version 0.29.0-4-gdea44cf6ec (webtiles) character file.

Game seed: 18238294778040695863

133 greasedhog the Cudgeller (level 5, 0/33 (48) HPs)
             Began as a Tengu Wanderer on Aug 27, 2022.
             Slain by Dowan
             ... wielding a +0 dagger
              (4 damage)
             ... on level 4 of the Dungeon.
             The game lasted 00:02:56 (2911 turns).

greasedhog the Cudgeller (Tengu Wanderer)           Turns: 2911, Time: 00:02:56

HP:   0/33 (48)     AC: 22    Str: 17    XL:     5   Next: 16%
MP:   6/6           EV:  2    Int: 10    God:
Gold: 174           SH:  4    Dex: 13    Spells: 4/4 levels left

rFire   . . .      SeeInvis .   a - +2 mace
rCold   . . .      Faith    .   c - +0 buckler
rNeg    . . .      Spirit   .   (body armour currently unavailable)
rPois   +          Reflect  .   (helmet currently unavailable)
rElec   .          Harm     .   (cloak currently unavailable)
rCorr   .          Rampage  .   (gloves currently unavailable)
Will    .....      NoTele   +   (boots unavailable)
Stlth   +.........              s - amulet of the acrobat
HPRegen 0.11/turn               (no ring)
MPRegen 0.10/turn               (no ring)

@: lit by a corona, tree-form, glowing, very heavily drained
A: stationary, stasis, torment immunity, boosted hp, (beak), (talons 3), nimble
flight
a: no special abilities


You were on level 4 of the Dungeon.
You were a tree.
You visited 1 branch of the dungeon, and saw 4 of its levels.

You collected 174 gold pieces.

Inventory:

Hand Weapons
 a - a +2 mace (weapon)
 b - a +0 quarterstaff
Armour
 c - a +0 buckler (worn)
 e - a +0 leather armour
 o - a +0 scale mail (melded)
Jewellery
 s - an amulet of the acrobat (around neck)
Scrolls
 g - a scroll of teleportation
 j - a scroll of magic mapping {unknown}
 k - a scroll of enchant weapon
 m - a scroll of enchant armour
 r - a scroll of amnesia
Potions
 f - a potion of curing
 h - a potion of haste
 i - 2 potions of cancellation
 l - 2 potions of attraction {unknown}
 n - a potion of ambrosia {unknown}
 p - 2 potions of invisibility {unknown}
 q - 2 potions of degeneration {unknown}
 t - 2 potions of flight {unknown}
 u - a potion of berserk rage {unknown}
 v - a potion of might {unknown}


   Skills:
 * Level 3.2 Fighting
 * Level 4.8(5.2) Maces & Flails
 - Level 2.6(4.1) Staves
 - Level 2.1 Armour
 - Level 2.0 Shields


You had 4 spell levels left.
You didn't know any spells.
Your spell library contained the following spells:

 Spells                   Type           Power      Damage    Failure   Level
 Foxfire                  Conj/Fire      0%         2x1d4     45%         1
 Blink                    Tloc           0%         N/A       58%         2
 Conjure Flame            Conj/Fire      0%         6-21      83%         3
 Gell's Gravitas          Tloc           0%         N/A       83%         3
 Inner Flame              Hex/Fire       0%         N/A       83%         3
 Lesser Beckoning         Tloc           0%         N/A       83%         3
 Teleport Other           Tloc           0%         N/A       83%         3
 Flame Wave               Conj/Fire      0%         2d4       99%         4
 Manifold Assault         Tloc           0%         N/A       100%        5


Dungeon Overview and Level Annotations

Branches:
Dungeon (4/15)
 Temple: D:4-7

Altars:
Nemelex Xobeh

Shops:
D:3 [

Annotations:
D:4 Dowan, Duvessa


Innate Abilities, Weirdness & Mutations

You are a tree.
Your roots penetrate the ground, keeping you stationary.
You cannot be teleported.
You are immune to unholy pain and torment.
Your maximum health is greatly increased.
Your equipment is partially melded.
((You have a beak for a mouth.))
((You have claws for feet.))
Your magical nature lets you fly swiftly and evasively.


Message History

Duvessa is heavily wounded.
Dowan hits you but does no damage. You block Duvessa's attack.
You hit Duvessa.
Duvessa is severely wounded.
Dowan mumbles some strange words.
Dowan blinks!
Duvessa hits you but does no damage.
You feel drained. You block Duvessa's attack.
You barely miss Duvessa.
Duvessa is severely wounded.
Duvessa hits you with a +1 short sword of draining!
You feel drained.
* * * LOW HITPOINT WARNING * * *
You completely miss Duvessa.
Duvessa is severely wounded.
Dowan gestures at you while chanting. The puff of frost hits you.
* * * LOW HITPOINT WARNING * * *
Duvessa hits you but does no damage.
You feel drained.
You hit Duvessa.
Duvessa is severely wounded.
You block Duvessa's attack.
You hit Duvessa.
Duvessa is almost dead.
Duvessa hits you but does no damage.
You feel drained.
You completely miss Duvessa.
Duvessa is almost dead.
You block Duvessa's attack. Dowan casts a spell at you.
You are outlined in light.
Duvessa hits you but does no damage.
You feel drained.
You barely miss Duvessa.
Duvessa is almost dead.
Duvessa hits you with a +1 short sword of draining.
* * * LOW HITPOINT WARNING * * *
You feel drained.
* * * LOW HITPOINT WARNING * * *
You hit Duvessa but do no damage.
Duvessa is almost dead.
Dowan hits you with a +0 dagger.
You die...

#........# ##........#
#...†.....#### ###
#............# ###..
#.........##.###....
#.#####..........#........
#........<.......^..##....
###########...####........
......e♣e.............#.
..##.#######.......#....
###....#.#.. ###..#.##.
...#.### ##. ... # .


You could see Duvessa and Dowan.

Vanquished Creatures
  A jelly (D:3)
  An iguana (D:4)
  4 adders
  A worm (D:3)
  2 dart slugs (D:2)
  An orc (D:3)
  5 ball pythons
  4 endoplasms
  3 hobgoblins
  3 quokkas (D:2)
  4 bats
  A frilled lizard (D:3)
  3 goblins (D:1)
  4 kobolds
  2 rats
39 creatures vanquished.

Vanquished Creatures (others)
  A dart slug (D:3)
  A hobgoblin (D:3)
2 creatures vanquished.

Grand Total: 41 creatures vanquished

Notes
Turn   | Place    | Note
-------+----------+-------------------------------------------
     0 | D:1      | greasedhog the Tengu Wanderer began the quest for the Orb.
     0 | D:1      | greasedhog set off with the following items: a +2 mace, a
                  | +0 quarterstaff, a +0 buckler, a potion of lignification, a
                  | +0 leather armour.
     0 | D:1      | Reached XP level 1. HP: 12/12 MP: 2/2
   425 | D:1      | Reached XP level 2. HP: 16/16 MP: 3/3
   435 | D:1      | Found a faded altar of an unknown god.
   809 | D:2      | Reached XP level 3. HP: 9/21 MP: 4/4
  1220 | D:2      | Reached skill level 4 in Maces & Flails
  1721 | D:3      | Found Dyzizan's Antique Armour Shoppe.
  2285 | D:3      | Reached XP level 4. HP: 15/27 MP: 5/5
  2688 | D:4      | Found a sparkling altar of Nemelex Xobeh.
  2728 | D:4      | Gained mutation: Your magical nature lets you fly swiftly
                  | and evasively. [Tengu growth]
  2728 | D:4      | Reached XP level 5. HP: 32/32 MP: 6/6
  2893 | D:4      | Noticed Duvessa
  2894 | D:4      | Noticed Dowan
  2911 | D:4      | Slain by Dowan

Illustrated notes

Levels and vault maps discovered:
D:1:      tarquinn_simple_flora_water_f, layout_rooms,
          ebering_ecumenical_altar_rust
D:2:      layout_loops_ring
D:3:      layout_loops_ring, serial_shops, nicolae_shop_trees,
          chequers_mini_garden, lemuel_flame_loot_1
D:4:      layout_rooms, nemelex_spade_bored_becter, uniq_crazy_yiuf_cottage,
          uniq_duvessa

Skill      XL: |  1  2  3  4 |
---------------+-------------+-----
Fighting       | 2 3 |  3.2
Maces & Flails | 4 |  4.8
Staves         | |  2.6
Armour         | |  2.1
Shields        | |  2.0

Action                   |  1- 3 |  4- 6 || total
-------------------------+-------+-------++-------
Melee: Mace              |    74 |    31 ||   105
       Peck              |     8 |     4 ||    12
       Kick              |     9 |     8 ||    17
  Use: Scroll            |       |     4 ||     4
       Potion            |       |     4 ||     4
Armor: Leather armour    |     7 |       ||     7
       Scale mail        |    15 |     5 ||    20
       Skin              |       |     6 ||     6
Dodge: Dodged            |    37 |    13 ||    50
Block: Buckler           |    18 |    10 ||    28
